Unix NetHack Version 5.0.0-0 post-release - last build May 10 2026 23:12:36 (d1fa5d53e341ca933230fdaa984d921c805b60aa,branch:main).

Game began 2026-05-11 05:20:17, ended 2026-05-11 06:15:51.

246786432, neutral female human Healer

                                                               -G..
                                                               G@<.
                                                               ....

246786432 the Rhizotomist    St:11 Dx:8 Co:12 In:11 Wi:17 Ch:17  Neutral
Dlvl:3  $:1770 HP:0(13) Pw:6(6) AC:6  Xp:1 T:1234  Burdened

Latest messages:
 You hear bubbling water.
 You hear bubbling water.
 You fall down the stairs.
 You see here 10 gold pieces.
 You have a little trouble lifting $ - 10 gold pieces (1770 in total).
 You see here a dark potion.
 You have a little trouble lifting x - a dark potion.
 This door is locked.
 This door is locked.
 This door is locked.
 This door is locked.
 In what direction? 6
 Thwack!!
 This door is locked.
 You don't find anything here to loot.
 This door is locked.
 In what direction? 9
 Ouch!  That hurts!
 In what direction? 9
 Ouch!  That hurts!
 In what direction? 6
 Whammm!!
 In what direction? 9
 Ouch!  That hurts!
 In what direction? 9
 Ouch!  That hurts!
 Your right leg is in no shape for kicking.
 Your right leg is in no shape for kicking.
 This door is locked.
 Your right leg is in no shape for kicking.
 Your right leg is in no shape for kicking.
 Your leg feels better.
 You climb up the stairs.
 You hit the kobold zombie.
 The kobold zombie hits!
 You destroy the kobold zombie!
 You climb up the stairs.
 You try to move the boulder, but in vain.
 You try to move the boulder, but in vain.
 You fall down the stairs.
 You miss the gnome.
 The gnome hits!
 You hit the gnome.
 The gnome hits!
 You die...
 Do you want your possessions identified? [ynq] (y) y
 Do you want to see your attributes? [ynq] (y) y
 Do you want an account of creatures vanquished? [ynaq] (y) y
 Do you want to see your conduct and achievements? [ynq] (y) y
 Do you want to see the dungeon overview? [ynq] (y) y

Inventory:
 Coins    ('$')
  $ - 1770 gold pieces
 Weapons  (')')
  n - 6 cursed -1 darts
  a - a +0 scalpel (weapon in right hand)
  u - a +0 two-handed sword
  v - a +0 war hammer
 Armor    ('[')
  b - an uncursed +1 pair of leather gloves (being worn)
  t - a blessed +0 large shield (being worn)
 Comestibles  ('%')
  l - 5 uncursed apples
  o - an uncursed cram ration
 Spellbooks  ('+')
  j - a blessed spellbook of extra healing
  i - a blessed spellbook of healing
  k - a blessed spellbook of stone to flesh
 Potions  ('!')
  x - a cursed potion of blindness
  g - a blessed potion of extra healing
  d - a blessed potion of healing
  e - 3 uncursed potions of healing
  p - an uncursed potion of levitation
  q - an uncursed potion of speed
  w - an uncursed potion of water
 Rings    ('=')
  r - an uncursed ring of see invisible
 Wands    ('/')
  s - a wand of locking (0:4)
  h - a wand of sleep (0:8)
 Tools    ('(')
  c - an uncursed stethoscope

246786432 the Healer's attributes:

Background:
 You were a Rhizotomist, a level 1 female human Healer.
 You were neutral, nominally on a mission for Hermes
 who was opposed by Athena (lawful) and Poseidon (chaotic).
 You were right-handed.
 You were in the Gnomish Mines, on level 3.
 You entered the dungeon 1234 turns ago.
 You had 14 experience points, 6 more were needed to attain level 2.

Basics:
 You had 0 out of 13 hit points.
 You had all 6 energy points (spell power).
 Your armor class was 6.
 Your wallet contained 1770 zorkmids.
 Autopickup was off.

Final Characteristics:
 Your strength was 11 (limit:18/100).
 Your dexterity was 8 (limit:18).
 Your constitution was 12 (limit:18).
 Your intelligence was 11 (limit:18).
 Your wisdom was 17 (limit:18).
 Your charisma was 17 (limit:18).

Final Status:
 You weren't hungry.
 You were burdened; movement was slightly slowed.
 You were wielding a knife.
 You had basic skill with knife.

Final Attributes:
 You were devoutly aligned.
 You were poison resistant.
 You are dead.

Miscellaneous:
 You didn't encounter any bones levels.
 Total elapsed playing time was 29 minutes and 29 seconds.

Major events:
 Turn
    1: 246786432 the neutral female human Healer entered the dungeon
 1230: entered the Gnomish Mines
 1234: killed by a gnome

Spells:
 Name                 Level Category     Fail Retention
 healing                1   healing       69%  91%-100%
 extra healing          3   healing       90%  91%-100%
 stone to flesh         3   healing       95%  91%-100%

Skills:
 Fighting Skills
   bare handed combat [Unskilled]
 Weapon Skills
   dagger             [Unskilled]
   knife              [Basic]
   short sword        [Unskilled]
   saber              [Unskilled]
   club               [Unskilled]
   mace               [Unskilled]
   quarterstaff       [Unskilled]
   polearms           [Unskilled]
   spear              [Unskilled]
   trident            [Unskilled]
   sling              [Unskilled]
   dart               [Unskilled]
   shuriken           [Unskilled]
   unicorn horn       [Unskilled]
 Spellcasting Skills
   healing spells     [Basic]

Voluntary challenges:
 Character rerolling was not enabled.
 You were an atheist.
 You were illiterate.
 You never genocided any monsters.
 You never polymorphed an object.
 You never changed form.
 You used no wishes.
Achievements:
 You entered a shop.
 You entered the Gnomish Mines.

 The Dungeons of Doom: levels 1 to 4
    Level 1:
    Level 2:
       An armor shop.
       Stairs down to The Gnomish Mines.
    Level 3:
       A fountain.
    Level 4:
 The Gnomish Mines:
    Level 3: <- You were here.
       Final resting place for
          you, killed by a gnome.


Vanquished creatures:
  a coyote
  a jackal
  a goblin
  2 sewer rats
  2 grid bugs
  a lichen
  2 kobold zombies
  5 newts
15 creatures vanquished.

No species were genocided or became extinct.

Game over:
                       ----------
                      /          \
                     /    REST    \
                    /      IN      \
                   /     PEACE      \
                  /                  \
                  |    246786432     |
                  |     1770 Au      |
                  |   killed by a    |
                  |      gnome       |
                  |                  |
                  |                  |
                  |       2026       |
                 *|     *  *  *      | *
        _________)/\\_//(\/(/\)/\//\/|_)_______

Goodbye 246786432 the Healer...

You died in The Gnomish Mines on dungeon level 3 with 224 points,
and 1770 pieces of gold, after 1234 moves.
You were level 1 with a maximum of 13 hit points when you died.

